 Dungeon Crawl Stone Soup version 0.31-a0-175-g9f7f995f2b (webtiles) character file.

Game seed: 5523047135612626462

6178 cforsyth the Summoner (level 10, -13/39 HPs)
             Began as a Felid Summoner on June 16, 2023.
             Was an Initiate of Gozag.
             Killed from afar by an efreet (33 damage)
             ... with a bolt of fire
             ... in a volcano.
             The game lasted 00:43:34 (14795 turns).

cforsyth the Summoner (Felid Summoner)             Turns: 14795, Time: 00:43:35

Health: -13/39     AC:  3    Str:  4    XL:     10   Next: 60%
Magic:  17/28      EV: 18    Int: 27    God:    Gozag
Gold:   2521       SH:  0    Dex: 17    Spells: 22/35 levels left
                                        Lives:  0   Deaths: 2

rFire   . . .        (weapon unavailable)
rCold   + . .        (shield unavailable)
rNeg    . . .        (body armour unavailable)
rPois   +            (helmet unavailable)
rElec   .            (cloak unavailable)
rCorr   .            (gloves unavailable)
SInv    +            (boots unavailable)
Will    +....        z - amulet of the acrobat
Stlth   ++           k - ring of poison resistance
HPRegen 0.26/turn    r - +6 ring of intelligence
MPRegen 0.21/turn

%: acrobat
@: quick
A: very small, claws 1, fangs 3, see invisible, speed 1, shaggy fur 3, stealthy
paws, no weapons or thrown items, no armour, multi-lived
a: Renounce Religion, Potion Petition, Call Merchant, Bribe Branch


You were in a volcano.
You worshipped Gozag.
Gozag was most pleased with you.
You visited 3 branches of the dungeon, and saw 15 of its levels.
You also visited: Ossuary and Volcano.

You collected 2664 gold pieces.
You spent 100 gold pieces at shops.
You paid 43 gold pieces to Gozag.

Inventory:

Jewellery
 k - a ring of poison resistance (left paw)
 r - a +6 ring of intelligence (right paw)
 z - an amulet of the acrobat (around neck)
 C - a ring of ice
Wands
 l - a wand of roots (9)
 t - a wand of charming (9)
 u - a wand of flame (21)
 y - a wand of polymorph (5)
Scrolls
 a - 2 scrolls of fear
 c - a scroll of amnesia
 d - 3 scrolls of revelation
 e - a scroll of enchant weapon
 o - 3 scrolls of fog
 s - 2 scrolls of teleportation
 v - a scroll of identify
 w - a scroll of poison
 B - a scroll of enchant armour {unknown}
Potions
 b - 2 potions of heal wounds
 f - 4 potions of enlightenment
 g - 2 potions of cancellation
 h - 3 potions of mutation
 i - 2 potions of haste
 j - 6 potions of lignification
 m - 2 potions of curing
 n - 3 potions of might
 p - 3 potions of invisibility
 q - 4 potions of attraction
 x - 2 potions of berserk rage
 A - a potion of brilliance


   Skills:
 + Level 1.2 Fighting
 + Level 3.3 Dodging
 - Level 2.6 Stealth
 - Level 13.3 Spellcasting
 - Level 4.0 Hexes
 - Level 14.7 Summonings
 - Level 4.0 Air Magic


You had 22 spell levels left.
You knew the following spells:

 Your Spells              Type           Power      Damage    Failure   Level
a - Summon Small Mammal   Summ           100%       N/A       0%          1
b - Call Imp              Summ           100%       N/A       0%          2
c - Call Canine Familiar  Summ           78%        N/A       1%          3
d - Summon Guardian Gole  Hex/Summ       62%        N/A       1%          3
e - Summon Lightning Spi  Summ/Air       62%        N/A       1%          4

Your spell library contained the following spells:

 Spells                   Type           Power      Damage    Failure   Level
 Confusing Touch          Hex            39%        N/A       1%          3
 Tukima's Dance           Hex            39%        N/A       1%          3
 Freeze                   Ice            72%        1d8       3%          1
 Kiss of Death            Conj/Necr      72%        2d10      3%          1
 Lesser Beckoning         Tloc           36%        N/A       4%          2
 Sublimation of Blood     Necr           18%        N/A       4%          2
 Wereblood                Tmut           18%        N/A       4%          2
 Dazzling Flash           Conj/Hex       56%        N/A       4%          3
 Summon Hydra             Summ           39%        N/A       6%          7
 Frozen Ramparts          Ice            36%        1d6       9%          3
 Gell's Gravitas          Tloc           18%        N/A       9%          3
 Hailstorm                Conj/Ice       18%        3d6       9%          3
 Ignite Poison            Fire/Tmut/Pois 18%        N/A       9%          3
 Teleport Other           Tloc           18%        N/A       9%          3
 Silence                  Hex/Air        19%        N/A       16%         5
 Dispel Undead            Necr           18%        3d11      30%         4
 Passage of Golubria      Tloc           18%        N/A       30%         4
 Sticky Flame             Conj/Fire      18%        2d4       30%         4
 Yara's Violent Unravell  Hex/Tmut       14%        3d7       36%         5
 Summon Horrible Things   Summ           39%        N/A       43%         8
 Agony                    Necr           18%        N/A       63%         5
 Malign Gateway           Summ/Tloc      27%        N/A       77%         7
 Ignition                 Fire           9%         3d5       100%        8


Dungeon Overview and Level Annotations

Branches:
Dungeon (13/15)            Temple (1/1) D:4            Lair (1/5) D:10
    Orc (0/2) D:10        Ossuary (visited)         Volcano (1/1)
 Vaults: D:13-14

Altars:
Ashenzari
Cheibriados
Dithmenos
Elyvilon
Fedhas
Gozag
Hepliaklqana
Kikubaaqudgha
Makhleb
Nemelex Xobeh
Okawaru
Qazlal
Ru
Sif Muna
Trog
Uskayaw
Vehumet
Wu Jian
Xom
Yredelemnul
Zin
The Shining One
Jiyva

Shops:
D:8 *   D:12 *

Annotations:
D:3 1 runed translucent door, oldplebian's ghost, amateur DgCj
D:11 jasper's ghost, journeyman SpEE
Lair:1 Nergalle


Innate Abilities, Weirdness & Mutations

You have sharp claws.
You have razor-sharp teeth.
You have supernaturally acute eyesight. (SInv)
You cover ground quickly. (Speed+)
Your thick and shaggy fur keeps you warm. (AC +3, rC+)
Your paws help you pounce on unaware monsters.
You are incapable of wielding weapons or throwing items.
You cannot wear armour.
You gain extra lives every three experience levels.


Message History

Things that are here:
a +0 quarterstaff of freezing; a +2 robe of cold resistance You now have 2521 gold pieces (gained 9).
Found a dark tunnel.
A cane toad comes into view.
A cane toad is nearby!
Why would you want to do that?
There is a dark tunnel here.
The world spins around you as you enter the gateway.
You enter a volcano!
Found a rocky tunnel leading out of this place.
There is a rock-blocked tunnel here.
Unknown command.
Okay, then.
You open the door.
An efreet and a fire elemental come into view.
The efreet is wielding a +1 scimitar of flaming.
The efreet gestures at you. The bolt of fire hits you!!
Ouch! That really hurt!
Casting: Summon Lightning Spire (dangerous; 1% risk of failure)
Confirm with . or Enter, or press ? or * to list all spells.
A guardian golem appears, shielding your allies.
Casting: Summon Guardian Golem (safe; 1% risk of failure)
Confirm with . or Enter, or press ? or * to list all spells.
An electric hum fills the air.
Casting: Summon Lightning Spire (dangerous; 1% risk of failure)
Confirm with . or Enter, or press ? or * to list all spells.
The fire elemental closely misses you.
Unknown command.
Casting: Call Canine Familiar (safe; 1% risk of failure)
Confirm with . or Enter, or press ? or * to list all spells.
A tiny devil pulls itself out of the air.
The fire elemental misses you. The efreet gestures at you.
The bolt of fire hits the fire elemental.
The fire elemental completely resists.
The bolt of fire hits you!!
Ouch! That really hurt!
You die...
Your body crumbles into a pile of gold.

#########
##§§≈≈≈§§##
##§≈.≈≈≈.§≈#
##...........
#....∩...∩...
##.@5h.......
##8E9......#
###R###+###
☼°≈≈## .○R§≈#
R.☼≈≈§§#
#.E.≈≈≈##
##.○.≈≈#
##..≈##


You could see an efreet (ally target), a fire elemental (ally target), a
friendly guardian golem (summoned), a friendly warg (summoned, sheltered), a
friendly lightning spire (summoned, sheltered) and a friendly cerulean imp
(summoned, sheltered).

Vanquished Creatures
  A yak (Lair:1)
  An adder (D:3)
  A bat (D:1)
  2 quokkas
5 creatures vanquished.

Vanquished Creatures (collateral kills)
  Fannar (Lair:1)
  3 boulder beetles
  A deep elf pyromancer (D:12)
  A cyclops (D:8)
  An ugly thing (D:11)
  A rust devil (D:9)
  A gargoyle (D:12)
  A cane toad (Lair:1)
  An unseen horror (D:8)
  A komodo dragon (Lair:1)
  A tengu conjurer (D:13)
  Psyche (D:8)
  A troll (D:11)
  Grinder (D:5)
  A hornet (D:9)
  A slime creature (D:11)
  A shadow (D:12)
  15 yaks
  A yak (shapeshifter) (D:13)
  2 vampires
  A wyvern (D:8)
  2 steam dragons
  Edmund (D:4)
  4 water moccasins
  An acid dragon (D:12)
  2 orc warriors
  2 ice beasts
  2 sky beasts (D:7)
  An ogre (D:6)
  3 centaurs
  3 phantoms
  2 kobold brigands
  7 bullfrogs
  4 scorpions
  3 water moccasin zombies (Ossuary)
  5 killer bees
  A howler monkey (D:5)
  A quasit (D:9)
  2 hounds
  2 jellies
  A gnoll bouda (D:9)
  4 orc priests
  A sleepcap (D:4)
  Natasha (thrice) (D:4)
  2 iguanas
  14 orc wizards
  2 mummies (Ossuary)
  12 adders
  7 gnolls
  A white imp (D:5)
  An ufetubus (D:6)
  4 adder zombies (Ossuary)
  2 worms
  A dart slug (D:7)
  32 orcs
  3 bats
  5 endoplasms
  7 giant cockroaches
  2 gnoll zombies (Ossuary)
  6 goblins
  5 hobgoblins
  3 jackals (D:1)
  16 kobolds
  3 quokkas
  10 ball pythons
  5 frilled lizards (D:1)
  7 hobgoblin zombies (Ossuary)
  5 kobold zombies (Ossuary)
  6 orc zombies (Ossuary)
  5 rats
261 creatures vanquished.

Vanquished Creatures (others)
  A great orb of eyes (D:11)
  A boulder beetle (D:13)
  2 two-headed ogres
  A tengu warrior (D:13)
  A soul eater (D:9)
  2 cyclopes (D:11)
  A komodo dragon (Lair:1)
  2 trolls (D:11)
  A hornet (D:10)
  2 slime creatures (D:11)
  12 yaks
  A neqoxec (D:9)
  Pargi (D:4)
  An ogre (D:4)
  A scorpion (D:5)
  3 killer bees (D:10)
  2 jellies (D:11)
  A gnoll bouda (D:6)
  Crazy Yiuf (D:6)
37 creatures vanquished.

Grand Total: 303 creatures vanquished

Notes
Turn   | Place    | Note
-------+----------+-------------------------------------------
     0 | D:1      | cforsyth the Felid Summoner began the quest for the Orb.
     0 | D:1      | Reached XP level 1. HP: 7/7 MP: 4/4
   270 | D:1      | Reached XP level 2. HP: 11/11 MP: 4/6
   311 | D:1      | Learned a level 2 spell: Call Imp
  1129 | D:2      | Reached XP level 3. HP: 5/14 MP: 1/8
  1133 | D:2      | Learned a level 3 spell: Call Canine Familiar
  2205 | D:3      | Found a runed translucent door.
  2230 | D:3      | Reached XP level 4. HP: 18/18 MP: 0/9
  2328 | D:3      | Learned a level 3 spell: Summon Guardian Golem
  2551 | D:3      | Noticed oldplebian's ghost (amateur DgCj)
  2582 | D:3      | Reached skill level 1 in Hexes
  2651 | D:3      | Reached skill level 5 in Summonings
  2986 | D:3      | Reached XP level 5. HP: 21/21 MP: 6/11
  3297 | D:4      | Found a staircase to the Ecumenical Temple.
  3308 | Temple   | Entered the Ecumenical Temple
  3330 | Temple   | Became a worshipper of Gozag Ym Sagoz the Greedy
  3366 | D:4      | Noticed Edmund
  3442 | D:4      | Killed Edmund
  3443 | D:4      | Gained mutation: You are covered in thick fur. (AC +2)
                  | [Felid growth]
  3443 | D:4      | Reached XP level 6. HP: 24/24 MP: 5/13
  3509 | D:4      | Noticed Pargi
  3555 | D:4      | Killed Pargi
  3651 | D:4      | Reached skill level 6 in Summonings
  3756 | D:4      | Found a stormy altar of Qazlal.
  3759 | D:4      | Found an iron altar of Okawaru.
  3760 | D:4      | Found a shadowy altar of Dithmenos.
  3761 | D:4      | Found a radiant altar of Vehumet.
  3773 | D:4      | Found a sand-covered staircase.
  3773 | D:4      | Noticed Natasha
  3784 | Ossuary  | Entered an ossuary
  3895 | Ossuary  | Reached XP level 7. HP: 27/27 MP: 10/15
  4016 | Ossuary  | Reached skill level 5 in Spellcasting
  4301 | D:4      | Killed Natasha
  4608 | D:4      | Reached skill level 7 in Summonings
  4666 | D:4      | Learned a level 4 spell: Summon Lightning Spire
  4811 | D:4      | Found a sparkling altar of Nemelex Xobeh.
  4842 | D:4      | Found a white marble altar of Elyvilon.
  4842 | D:4      | Found a glowing silver altar of Zin.
  4843 | D:4      | Found a glowing golden altar of the Shining One.
  4943 | D:4      | Noticed Natasha
  4950 | D:4      | Killed Natasha
  5148 | D:4      | Found a staircase to the Ecumenical Temple.
  5205 | D:4      | Found an iron altar of Okawaru.
  5205 | D:4      | Found a stormy altar of Qazlal.
  5206 | D:4      | Found a shadowy altar of Dithmenos.
  5208 | D:4      | Found a radiant altar of Vehumet.
  5275 | D:4      | Found a white marble altar of Elyvilon.
  5275 | D:4      | Found a glowing silver altar of Zin.
  5276 | D:4      | Found a glowing golden altar of the Shining One.
  5300 | D:4      | Found a sparkling altar of Nemelex Xobeh.
  5593 | D:4      | Noticed Natasha
  5653 | D:4      | Killed Natasha
  5749 | D:5      | Entered Level 5 of the Dungeon
  5945 | D:5      | Reached skill level 1 in Air Magic
  5945 | D:5      | Reached XP level 8. HP: 28/31 MP: 10/18
  6244 | D:5      | Noticed Grinder
  6283 | D:5      | Killed Grinder
  6708 | D:5      | Reached skill level 8 in Summonings
  7108 | D:6      | Reached XP level 9. HP: 34/34 MP: 14/20
  7581 | D:6      | Found a runed translucent door.
  7582 | D:6      | Noticed Crazy Yiuf
  7739 | D:6      | Killed Crazy Yiuf
  7864 | D:7      | Reached skill level 9 in Summonings
  8035 | D:7      | Found a snail-covered altar of Cheibriados.
  8445 | D:8      | Noticed Psyche
  8457 | D:8      | Killed Psyche
  8547 | D:8      | Reached skill level 10 in Summonings
  8659 | D:8      | Noticed a cyclops
  8670 | D:8      | Killed a cyclops
  8671 | D:8      | Reached XP level 10. HP: 37/37 MP: 16/24
  9011 | D:8      | Found a hide-covered altar of Uskayaw.
  9181 | D:8      | Found Elateqa's Changing Room.
  9662 | D:9      | Noticed a rust devil
  9677 | D:9      | Killed a rust devil
  9678 | D:9      | Reached skill level 11 in Summonings
  9779 | D:9      | Reached skill level 10 in Spellcasting
  9835 | D:9      | Noticed a soul eater
  9849 | D:9      | Killed a soul eater
 10267 | D:10     | Entered Level 10 of the Dungeon
 10725 | D:10     | Reached skill level 12 in Summonings
 10871 | D:10     | Found a staircase to the Lair.
 10936 | D:10     | Found a staircase to the Orcish Mines.
 11052 | D:10     | Reached XP level 11. HP: 40/40 MP: 20/26
 11382 | D:11     | Noticed a green ugly thing
 11393 | D:11     | Killed a green ugly thing
 11703 | D:11     | Noticed a two-headed ogre
 11720 | D:11     | Noticed a boulder beetle
 11904 | D:11     | Killed a boulder beetle
 11993 | D:11     | Found a runed translucent gate.
 11994 | D:11     | Found a runed translucent gate.
 11994 | D:11     | Found a runed translucent gate.
 12195 | D:11     | Noticed jasper's ghost (journeyman SpEE)
 12196 | D:11     | Noticed a great orb of eyes
 12198 | D:11     | Found a viscous altar of Jiyva.
 12354 | D:11     | Reached skill level 13 in Summonings
 12589 | D:11     | Killed a great orb of eyes
 12783 | D:11     | Killed a two-headed ogre
 13174 | D:12     | Found Niokh's Assorted Antiques.
 13174 | D:12     | Noticed a two-headed ogre
 13194 | D:12     | Killed a two-headed ogre
 13270 | D:12     | Bought a fizzy yellow potion for 25 gold pieces
 13270 | D:12     | Bought a metallic ruby potion for 25 gold pieces
 13270 | D:12     | Bought 2 metallic ruby potions for 50 gold pieces
 13305 | D:12     | Noticed a deep elf pyromancer
 13684 | D:12     | Killed a deep elf pyromancer
 13685 | D:12     | Noticed a boulder beetle
 13701 | D:12     | Killed a boulder beetle
 13702 | D:12     | Gained mutation: Your thick and shaggy fur keeps you warm.
                  | (AC +3, rC+) [Felid growth]
 13702 | D:12     | Reached XP level 12. HP: 44/44 MP: 20/29
 13983 | D:13     | Noticed a tengu warrior
 13995 | D:13     | Killed a tengu warrior
 13996 | D:13     | Reached skill level 14 in Summonings
 14002 | D:13     | Noticed a boulder beetle
 14022 | D:13     | Noticed a boulder beetle
 14063 | D:13     | Killed a boulder beetle
 14063 | D:13     | Killed a boulder beetle
 14203 | D:13     | Noticed an ice dragon
 14337 | Lair:1   | Entered Level 1 of the Lair of Beasts
 14529 | Lair:1   | Noticed Fannar
 14557 | Lair:1   | HP: 2/44 [themself (36)]
 14586 | Lair:1   | Killed Fannar
 14594 | Lair:1   | Killed from afar by a rime drake
 14595 | Lair:1   | Reached XP level 11. HP: -1/40 MP: 17/29
 14642 | Lair:1   | Noticed Nergalle
 14644 | Lair:1   | Killed from afar by Nergalle
 14645 | Lair:1   | Reached XP level 10. HP: -3/35 MP: 4/28
 14682 | Lair:1   | Reached skill level 1 in Fighting
 14763 | Lair:1   | Found a dark tunnel.
 14776 | Lair:1   | Noticed a cane toad
 14786 | Volcano  | Entered a volcano
 14795 | Volcano  | Killed from afar by an efreet

Illustrated notes

Levels and vault maps discovered:
D:1:      scummos_arrival_checkerplants, layout_loops_ring
D:2:      wander_river, layout_basic
D:3:      layout_loops_ring, ebering_ghost_reflecting_pool
D:4:      layout_loops_ring, good_gods_temple_1, grunt_temple_overflow_open,
          kennysheep_little_box, minmay_temple_entry_ruins,
          nicolae_ossuary_entry_plus, uniq_edmund, uniq_natasha, uniq_pargi
D:5:      layout_loops_ring, minmay_misc_feat_plants, uniq_grinder
D:6:      layout_cave_pools, uniq_crazy_yiuf_cottage
D:7:      layout_cave_pools, kennysheep_slug_shrine
D:8:      layout_cave_pools, lemuel_crystal_altar, nicolae_transmutations_shop,
          uniq_psyche
D:9:      layout_roguey, serial_demonic, serial_demonic_g, serial_demonic_f,
          serial_demonic_g, serial_demonic_c, serial_demonic_g
D:10:     layout_basic, lair_entry_dummy, orc_0_dummy
D:11:     minmay_skewed_foursquare, layout_cave_pools, serial_park,
          serial_park_square1 [serial_park_minivault_5x5_7], serial_park_square1
          [serial_park_minivault_5x5_1], serial_park_tiny_pond,
          gammafunk_ghost_ooze
D:12:     layout_basic, serial_shops, shop
D:13:     layout_roguey, david_vaults_4, hex_intersection, uniq_nessos
Temple:   chequers_temple_sunken
Lair:1:   layout_loops_ring, nicolae_volcano_entry_hallway,
          serial_bayou_shore_a, uniq_fannar, uniq_nergalle
Volcano:  volcano_aerie

Skill      XL: |  1  2  3  4  5  6  7  8  9 10 11 12 |
---------------+-------------------------------------+-----
Spellcasting   | 3 4 6 7 9 10 12 13 | 13.3
Hexes          | 2 3 4 |  4.0
Summonings     | 5 6 7 8 10 12 13 14 | 14.7
Air Magic      | 1 3 4 |  4.0
Dodging        | 3 |  3.3
Fighting       | 1 |  1.2
Stealth        | |  2.6

Action                     |  1- 3 |  4- 6 |  7- 9 | 10-12 || total
---------------------------+-------+-------+-------+-------++-------
  Melee: Unarmed           |    11 |     3 |     5 |    14 ||    33
         Bite              |     1 |     1 |     1 |     2 ||     5
   Cast: Summon Small Mamm |    63 |    15 |    46 |    35 ||   159
         Call Imp          |    22 |    14 |    29 |    30 ||    95
         Call Canine Famil |     2 |    17 |    35 |    41 ||    95
         Summon Guardian G |       |     4 |    22 |    61 ||    87
         Summon Lightning  |       |       |    12 |    48 ||    60
  Evoke: Wand              |       |       |       |     1 ||     1
    Use: Scroll            |       |     8 |    13 |     5 ||    26
         Potion            |       |     1 |       |     1 ||     2
 Armour: Skin              |     1 |     1 |     4 |     1 ||     7
  Dodge: Dodged            |    23 |    17 |    26 |    42 ||   108

Table legend: (Time is in decaauts)
 A = Elapsed time spent in this place.
 B = Non-inter-level travel time spent in this place.
 C = Inter-level travel time spent in this place.
 D = Time resting spent in this place.
 E = Time spent auto-exploring this place.
 F = Levels seen in this place.
 G = Mean time per level.
                   A        B        C        D        E       F      G
               +--------+--------+--------+--------+--------+-----+--------+
         Total |  13298 |  12957 |    341 |    600 |   8939 |  17 |  782.2 |
       Dungeon |  12363 |  12040 |    323 |    537 |   8531 |  13 |  951.0 |
        Temple |     42 |     24 |     18 |      0 |      0 |   1 |   42.0 |
          Lair |    402 |    402 |      0 |      0 |    193 |   1 |  402.0 |
       Ossuary |    482 |    482 |      0 |     63 |    213 |   1 |  482.0 |
       Volcano |      8 |      8 |      0 |      0 |      1 |   1 |    8.0 |
               +--------+--------+--------+--------+--------+-----+--------+

Top non-repeatable levels by time:
     D:4: 1672 daAuts
    D:11: 1396 daAuts
     D:2: 1039 daAuts
    D:10: 1034 daAuts
     D:3: 1013 daAuts
     D:6: 947 daAuts
    D:12: 939 daAuts
     D:1: 923 daAuts
     D:8: 880 daAuts
     D:5: 876 daAuts
     D:9: 763 daAuts
     D:7: 582 daAuts
 Ossuary: 482 daAuts
  Lair:1: 402 daAuts
    D:13: 294 daAuts
